 Dungeon Crawl Stone Soup version 0.26-a0-84-g8c18429211 (webtiles) character file.

Game seed: 17431815763880460153

57 MarredHen the Poker (level 4, -3/41 HPs)
             Began as a Gnoll Chaos Knight on June 18, 2020.
             Was a Plaything of Xom.
             Slain by a ghost moth (glowing shapeshifter) (7 damage)
             ... on level 3 of the Dungeon.
             The game lasted 00:02:02 (1103 turns).

MarredHen the Poker (Gnoll Chaos Knight)            Turns: 1103, Time: 00:02:04

Health: -3/41      AC:  6    Str: 13 (15) XL:     4   Next: 0%
Magic:  0/5        EV: 12    Int: 14      God:    Xom [..*...]
Gold:   124        SH:  0    Dex: 15      Spells: 5/5 levels left

rFire    . . .     SeeInvis .   a - +0 spear (chaos)
rCold    . . .     Gourm    .   (no shield)
rNeg     . . .     Faith    .   b - +2 leather armour
rPois    .         Spirit   .   (no helmet)
rElec    .         Reflect  .   (no cloak)
rCorr    .         Harm     .   e - +0 pair of gloves
MR       .....                  (no boots)
Stlth    ++........             (no amulet)
HPRegen  0.13/turn              (no ring)
MPRegen  0.09/turn              (no ring)

@: lethally poisoned (-3 -> -59)
A: distributed training, fangs 1, strong nose
a: Renounce Religion


You were on level 3 of the Dungeon.
You worshipped Xom.
You were a toy of Xom.
You were not hungry.

You visited 1 branch of the dungeon, and saw 3 of its levels.

You collected 124 gold pieces.

Inventory:

Hand Weapons
 a - a +0 spear of chaos (weapon)
Armour
 b - a +2 leather armour (worn)
 e - a +0 pair of gloves (worn)
 g - a +2 buckler
Scrolls
 d - a scroll of amnesia {unknown}
 f - 2 scrolls of remove curse {unknown}
Potions
 h - a potion of curing {unknown}
 i - 2 potions of haste {unknown}
 j - 2 potions of heal wounds {unknown}
Comestibles
 c - 2 rations


   Skills:
 + Level 6.5 Fighting
 + Level 1.0 Short Blades
 + Level 1.0 Long Blades
 + Level 1.0 Axes
 + Level 1.0 Maces & Flails
 + Level 6.5 Polearms
 + Level 1.0 Staves
 + Level 1.0 Slings
 + Level 1.0 Bows
 + Level 1.0 Crossbows
 + Level 1.0 Throwing
 + Level 4.6 Armour
 + Level 2.6 Dodging
 + Level 1.0 Stealth
 + Level 1.0 Shields
 + Level 1.0 Unarmed Combat
 + Level 1.0 Spellcasting
 + Level 0.7 Conjurations
 + Level 0.7 Hexes
 + Level 0.7 Charms
 + Level 0.7 Summonings
 + Level 0.7 Necromancy
 + Level 0.7 Translocations
 + Level 0.7 Transmutations
 + Level 0.7 Fire Magic
 + Level 0.7 Ice Magic
 + Level 0.7 Air Magic
 + Level 0.7 Earth Magic
 + Level 0.7 Poison Magic
 + Level 1.0 Invocations
 + Level 1.0 Evocations


You had 5 spell levels left.
You didn't know any spells.
Your spell library was empty.

Dungeon Overview and Level Annotations

Branches:
Dungeon (3/15)

Altars:
Elyvilon
Nemelex Xobeh
The Shining One


Innate Abilities, Weirdness & Mutations

Your experience applies equally to all skills.
You have very sharp teeth.
Your uncanny sense of smell can sniff out nearby items.


Message History

You feel you are being watched by something.
Something hits you but does no damage. x2; Something stings you.
You are lethally poisoned!
Something poisons you!
You miss something.
You feel very sick.
You feel you are being watched by something.
Something hits you. Something hits you!
* * * LOW HITPOINT WARNING * * *
You feel weakened. Something stings you.
* * * LOW HITPOINT WARNING * * *
You closely miss something.
* * * LOW HITPOINT WARNING * * *
You feel very sick. Something hits you.
* * * LOW HITPOINT WARNING * * *
You feel weakened. Something hits you!
You die...

.#.#.#.#.#.#.#.#.###...
.#.#.#.#.#.#.#.#.####...
#.#.#.#.#.#.#.#.#...'...
#.#.#.#.#.#.#.#.####...
#.#.#.#.#.#.#.#.# #...
#.#.#.#.#.#.#.## #...
#.#.#.#.#.#.#.# #...
#.#.#.#.#.#.## ####
#@#.#.#.#.#.#
#[#{#.#.#.#.## ∆
#.#.#.#<#.#.#.#
#.#.#.#.#.#.#.## #.#.#
#.#.#.#. #.#.# #.#.#.
#.#.# #.#.# .#.# #.#. .#
#?


There were no monsters in sight!

Vanquished Creatures
  An adder (D:2)
  An ooze (D:3)
  A worm (D:3)
  3 dart slugs
  A bat (D:1)
  A giant cockroach (D:3)
  3 goblins
  A hobgoblin (D:1)
  7 jackals
  2 frilled lizards (D:2)
  6 kobolds
  6 rats
33 creatures vanquished.

Notes
Turn   | Place    | Note
-------+----------+-------------------------------------------
     0 | D:1      | MarredHen the Gnoll Chaos Knight began the quest for the
                  | Orb.
     0 | D:1      | Reached XP level 1. HP: 23/23 MP: 1/1
    54 | D:1      | Reached XP level 2. HP: 29/29 MP: 2/2
   527 | D:2      | Found a glowing golden altar of the Shining One.
   569 | D:2      | Reached XP level 3. HP: 35/35 MP: 3/3
   650 | D:2      | Reached skill level 1 in Invocations
   697 | D:2      | Found a sparkling altar of Nemelex Xobeh.
   740 | D:2      | Found a white marble altar of Elyvilon.
   856 | D:3      | XOM: smoke on damage
  1014 | D:3      | XOM: potion effect (haste)
  1079 | D:3      | Reached skill level 1 in Short Blades
  1079 | D:3      | Reached skill level 1 in Long Blades
  1079 | D:3      | Reached skill level 1 in Axes
  1079 | D:3      | Reached skill level 1 in Maces & Flails
  1079 | D:3      | Reached skill level 1 in Staves
  1079 | D:3      | Reached skill level 1 in Slings
  1079 | D:3      | Reached skill level 1 in Bows
  1079 | D:3      | Reached skill level 1 in Crossbows
  1079 | D:3      | Reached skill level 1 in Throwing
  1079 | D:3      | Reached skill level 1 in Stealth
  1079 | D:3      | Reached skill level 1 in Shields
  1079 | D:3      | Reached skill level 1 in Unarmed Combat
  1079 | D:3      | Reached skill level 1 in Spellcasting
  1079 | D:3      | Reached skill level 1 in Evocations
  1079 | D:3      | Reached XP level 4. HP: 41/41 MP: 5/5
  1092 | D:3      | Noticed a glowing shapeshifter
  1092 | D:3      | an adder changed into a glowing shapeshifter
  1092 | D:3      | Noticed a mana viper
  1092 | D:3      | a glowing shapeshifter changed into a mana viper
  1096 | D:3      | Noticed a water nymph
  1096 | D:3      | a mana viper changed into a water nymph
  1099 | D:3      | a water nymph changed into something unseen
  1103 | D:3      | Slain by a ghost moth (glowing shapeshifter)

Illustrated notes

Levels and vault maps discovered:
D:1:      grunt_arrival_crossed_arrows, layout_rooms
D:2:      layout_rooms, nicolae_overflow_crystal_walls, lemuel_crystal_altar,
          nemelex_spade_bored_becter
D:3:      layout_basic, minmay_cupped

Skill      XL: |  1  2  3 |
---------------+----------+-----
Invocations    | 1 |  1.0
Short Blades   | 1 |  1.0
Long Blades    | 1 |  1.0
Axes           | 1 |  1.0
Maces & Flails | 1 |  1.0
Staves         | 1 |  1.0
Slings         | 1 |  1.0
Bows           | 1 |  1.0
Crossbows      | 1 |  1.0
Throwing       | 1 |  1.0
Stealth        | 1 |  1.0
Shields        | 1 |  1.0
Unarmed Combat | 1 |  1.0
Spellcasting   | 1 |  1.0
Evocations     | 1 |  1.0
Fighting       | |  6.5
Polearms       | |  6.5
Armour         | |  4.6
Dodging        | |  2.6
Conjurations   | |  0.7
Hexes          | |  0.7
Charms         | |  0.7
Summonings     | |  0.7
Necromancy     | |  0.7
Translocations | |  0.7
Transmutations | |  0.7
Fire Magic     | |  0.7
Ice Magic      | |  0.7
Air Magic      | |  0.7
Earth Magic    | |  0.7
Poison Magic   | |  0.7

Action                   |  1- 3 |  4- 6 || total
-------------------------+-------+-------++-------
Melee: Spear             |    96 |    12 ||   108
       Bite              |     5 |     3 ||     8
       Punch             |     1 |     1 ||     2
 Stab: Sleeping          |     3 |       ||     3
  Eat: Ration            |       |     1 ||     1
Armor: Leather armour    |    22 |     4 ||    26
Dodge: Dodged            |    40 |     1 ||    41

Table legend:
 A = Non-vault XP
 B = Vault XP
 C = Vault XP percentage of total XP
 D = Non-vault monster count
 E = Vault monster count
 F = Vault count percentage of total count
                 A         B        C        D         E       F
            +---------+---------+-------+---------+---------+-------
      Total |      82 |       0 |   0.0 |      33 |       0 |   0.0
            +---------+---------+-------+---------+---------+-------
        D:1 |      25 |       0 |   0.0 |      14 |       0 |   0.0
        D:2 |      38 |       0 |   0.0 |      13 |       0 |   0.0
        D:3 |      19 |       0 |   0.0 |       6 |       0 |   0.0
            +---------+---------+-------+---------+---------+-------
